 Dungeon Crawl Stone Soup version 0.24.0-13-gcf9b319 (webtiles) character file.

Game seed: 5592145006674175814, levelgen mode: deterministic

100 Fortress the Conjurer (level 4, -2/33 HPs)
             Began as a Draconian Conjurer on Jan 24, 2020.
             Slain by a gnoll
             ... wielding a +0 spear
              (10 damage)
             ... on level 3 of the Dungeon on Jan 25, 2020.
             The game lasted 00:07:06 (2144 turns).

Fortress the Conjurer (Draconian Conjurer)          Turns: 2144, Time: 00:07:07

Health: -2/33      AC:  5    Str: 10    XL:     4   Next: 46%
Magic:  0/8        EV: 12    Int: 16    God:
Gold:   155        SH:  0    Dex: 12    Spells: 7/8 levels left

rFire    . . .     SeeInvis .   f - +0 dagger (speed)
rCold    . . .     Gourm    .   (no shield)
rNeg     . . .     Faith    .   (armour unavailable)
rPois    .         Spirit   .   (helmet restricted)
rElec    .         Reflect  .   (no cloak)
rCorr    .         Harm     .   (no gloves)
MR       .....                  (no boots)
Stlth    ++........             (no amulet)
HPRegen  0.11/turn              (no ring)
MPRegen  0.11/turn              (no ring)

@: no status effects
A: unfitting armour, cold-blooded, AC +5
a: no special abilities


You were on level 3 of the Dungeon.
You were very hungry.

You visited 1 branch of the dungeon, and saw 3 of its levels.

You collected 155 gold pieces.

Inventory:

Hand Weapons
 f - a +0 dagger of speed (weapon)
Jewellery
 d - a +5 amulet of reflection {unknown}
Scrolls
 a - a scroll of remove curse
 e - a scroll of teleportation
 h - a scroll of random uselessness
 o - a scroll of immolation {unknown}
Potions
 c - a potion of berserk rage {unknown}
 g - a potion of flight {unknown}
 i - 2 potions of degeneration
 k - a potion of heal wounds {unknown}
 m - a potion of mutation {unknown}
 n - a potion of cancellation {unknown}
 p - a potion of agility {unknown}
Comestibles
 b - 6 rations


   Skills:
 - Level 2.0 Dodging
 - Level 2.0 Stealth
 + Level 2.7 Spellcasting
 + Level 5.4 Conjurations


You had 7 spell levels left.
You knew the following spells:

 Your Spells              Type           Power        Failure   Level  Hunger
a - Magic Dart            Conj           ###.         2%          1    #......

Your spell library contained the following spells:

 Spells                   Type           Power        Failure   Level  Hunger
 Searing Ray              Conj           ###...       3%          2    ##.....
 Dazzling Spray           Conj/Hex       ##....       19%         3    ###....
 Iskenderun's Mystic Bla  Conj           ###.....     22%         4    #####..
 Force Lance              Conj/Tloc      ##......     54%         4    #####..
 Fulminant Prism          Conj/Hex       ##........   54%         4    #####..


Dungeon Overview and Level Annotations

Branches:
Dungeon (3/15)

Altars:
Elyvilon
Gozag


Innate Abilities, Weirdness & Mutations

Your plain brown scales are hard. (AC +5)
You cannot fit into any form of body armour.
You are cold-blooded and may be slowed by cold attacks.


Message History

The gnoll hits you but does no damage.
A kobold comes into view. It is wielding a +0 whip.
The kobold shouts!
The gnoll hits you from afar with a +0 halberd!
The gnoll hits you with a +0 spear.
Things that are here:
a +0 whip; a gnoll corpse You hit the gnoll but do no damage.
The gnoll is lightly wounded.
The gnoll misses you.
You barely miss the gnoll.
The gnoll is lightly wounded.
The gnoll closely misses you.
You closely miss the gnoll.
The gnoll is lightly wounded.
The gnoll hits you from afar with a +0 halberd!
The gnoll hits you with a +0 spear.
* * * LOW HITPOINT WARNING * * *
The gnoll hits you from afar with a +0 spear!
You die...

.##.##...........
.....††.....##.# #.#
...†##........# ..## ...#
#.......## #.. (..#
#........# #..#
...###.##...##.#.#.#
...........).##.##.# .
#..##..##.......##.###....
#..##..##..#....@Kgg..)...
#..##..##..#..####.##..#..
#..##.(##......# #... ...
#...................... .
#..........#........#..#
#####...............#..#
######..##..## .# #. #..#
. . _


You could see 2 gnolls and a kobold.

Vanquished Creatures
  A gnoll (D:3)
  4 adders (D:2)
  A leopard gecko (D:3)
  2 ball pythons
  2 giant cockroaches (D:3)
  10 goblins
  9 hobgoblins
  2 jackals (D:3)
  4 kobolds
  6 bats
  5 frilled lizards
  6 rats
52 creatures vanquished.

Notes
Turn   | Place    | Note
-------+----------+-------------------------------------------
     0 | D:1      | Fortress the Draconian Conjurer began the quest for the
                  | Orb.
     0 | D:1      | Reached XP level 1. HP: 14/14 MP: 3/3
   246 | D:1      | Reached XP level 2. HP: 13/20 MP: 0/5
  1101 | D:2      | Found a faded altar of an unknown god.
  1234 | D:2      | Found an opulent altar of Gozag.
  1341 | D:2      | Reached XP level 3. HP: 17/26 MP: 1/6
  1636 | D:2      | Reached skill level 5 in Conjurations
  1820 | D:2      | Reached XP level 4. HP: 33/33 MP: 3/7
  1960 | D:3      | Found a white marble altar of Elyvilon.
  2144 | D:3      | Slain by a gnoll

Levels and vault maps discovered:
D:1:      matt_arrival_diagonals, layout_basic
D:2:      layout_loops_ring, chequers_ecumenical_altar_twisty,
          grunt_gozag_statues
D:3:      layout_loops_ring, grunt_ministairs_9, nrook_loot_triangle,
          elyvilon_altar_5

Skill      XL: |  1  2  3 |
---------------+----------+-----
Dodging        | 2 |  2.0
Stealth        | 2 |  2.0
Conjurations   | 5 |  5.4
Spellcasting   | |  2.7

Action                   |  1- 3 |  4- 6 || total
-------------------------+-------+-------++-------
Melee: Dagger            |    27 |    54 ||    81
       Tailslap          |     3 |     7 ||    10
 Cast: Magic Dart        |    60 |    25 ||    85
  Use: Scroll            |       |     5 ||     5
  Eat: Chunk             |     4 |       ||     4
Armor: Skin              |    11 |    18 ||    29
Dodge: Dodged            |    19 |    41 ||    60
